 Dungeon Crawl Stone Soup version 0.18-a0-1036-g7ac1859 (webtiles) character file.

11361 sugabear the Martial Artist (level 11, -1/91 HPs)
             Began as a Green Draconian Transmuter on Jan 10, 2016.
             Was a High Priest of Cheibriados.
             Slain by a jumping spider (8 damage)
             ... summoned by a deep elf mage
             ... on level 2 of the Orcish Mines.
             The game lasted 00:30:56 (15348 turns).

sugabear the Martial Artist (DrTm)                 Turns: 15348, Time: 00:30:57

Health: -1/91      AC:  7    Str: 27    XL:     11   Next: 48%
Magic:  18/22      EV: 11    Int: 33    God:    Cheibriados [*****.]
Gold:   470        SH:  0    Dex: 27    Spells: 6 memorised, 8 levels left

rFire  . . .     SeeInvis .       - Unarmed
rCold  . . .     Gourm    .     (armour unavailable)
rNeg   . . .     Faith    .     (no shield)
rPois  +         Spirit   .     (helmet restricted)
rElec  .         Dismiss  .     (no cloak)
rCorr  .         Reflect  .     (no gloves)
SustAt .         Harm     .     (no boots)
MR     .....                    (no amulet)
Stlth  ++........               n - +3 ring of slaying
                                e - +4 ring of intelligence

@: confused, held, repel missiles, very slow, not resistant to hostile
enchantments, unstealthy
A: breathe noxious fumes, unfitting armour, poison resistance, cold-blooded, AC
+7
a: Breathe Noxious Fumes, Bend Time, Temporal Distortion, Slouch, Step From
Time, Renounce Religion


You were on level 2 of the Orcish Mines.
You worshipped Cheibriados.
Cheibriados was extremely pleased with you.
You were not hungry.

You visited 3 branches of the dungeon, and saw 13 of its levels.

You collected 943 gold pieces.
You spent 473 gold pieces at shops.

Inventory:

Missiles
 a - 142 arrows
 u - 13 arrows of frost
 L - 9 arrows of dispersal
 O - 3 throwing nets (quivered)
Jewellery
 e - a +4 ring of intelligence (left hand)
 f - an uncursed ring of flight
 n - a +3 ring of slaying (right hand)
 B - an uncursed ring of teleportation
Wands
 t - a wand of draining (8/15)
 y - a wand of confusion (1/48)
 F - a wand of draining (7/15)
 I - a wand of fireball (10/15)
 P - a wand of flame (33/48)
 Q - a wand of slowing (22/48)
 U - a wand of disintegration (15/24)
 V - a wand of frost (31/48)
Scrolls
 g - 9 scrolls of identify
 i - 3 scrolls of recharging
 m - a scroll of blinking {unknown}
 q - 2 scrolls of enchant armour {unknown}
 s - a scroll of immolation
 v - 3 scrolls of teleportation
 x - 5 scrolls of remove curse
 E - 3 scrolls of magic mapping
 K - a scroll of vulnerability {unknown}
 M - a scroll of enchant weapon {unknown}
 T - a scroll of amnesia
Potions
 d - 2 potions of brilliance
 h - 2 potions of curing
 j - a potion of haste {unknown}
 k - a potion of flight {unknown}
 l - 4 potions of heal wounds
 o - a potion of resistance {unknown}
 r - a potion of agility {unknown}
 w - 3 potions of ambrosia {unknown}
 z - a potion of magic {unknown}
 C - 2 potions of invisibility
 D - 2 potions of berserk rage {unknown}
 H - 4 potions of cancellation {unknown}
 J - a potion of lignification {unknown}
Books
 b - a book of Changes

   Spells                             Type                      Level
   a - Beastly Appendage              Transmutation                1
   b - Sticks to Snakes               Transmutation                2
   c - Spider Form                    Transmutation/Poison         3
   d - Ice Form                       Ice/Transmutation            4
   e - Blade Hands                    Transmutation                5
 G - a book of Minor Magic

   Spells                             Type                      Level
   a - Magic Dart                     Conjuration                  1
   b - Blink                          Translocation                2
   c - Call Imp                       Summoning                    2
   d - Repel Missiles                 Charms/Air                   2
   e - Slow                           Hexes                        2
   f - Conjure Flame                  Conjuration/Fire             3
   g - Mephitic Cloud                 Conjuration/Poison/Air       3
 N - a book of Flames

   Spells                             Type                      Level
   a - Flame Tongue                   Conjuration/Fire             1
   b - Throw Flame                    Conjuration/Fire             2
   c - Conjure Flame                  Conjuration/Fire             3
   d - Inner Flame                    Hexes/Fire                   3
   e - Sticky Flame                   Conjuration/Fire             4
   f - Fireball                       Conjuration/Fire             5
Comestibles
 c - 6 bread rations
 p - 3 meat rations
 A - 3 slices of pizza
 R - a beef jerky
 S - 3 chunks of flesh


   Skills:
 + Level 6.9 Fighting
 + Level 8.3 Dodging
 + Level 4.9 Stealth
 + Level 8.4 Unarmed Combat
 + Level 7.4 Spellcasting
 + Level 0.4 Conjurations
 + Level 8.2 Transmutations
 + Level 0.8 Air Magic
 + Level 3.6 Poison Magic


You had 8 spell levels left.
You knew the following spells:

 Your Spells              Type           Power        Failure   Level  Hunger
a - Beastly Appendage     Trmt           ######       1%          1    None
b - Spider Form           Trmt/Pois      ######....   1%          3    None
c - Blink                 Tloc           N/A          8%          2    None
d - Mephitic Cloud        Conj/Pois/Air  ###.....     10%         3    None
e - Blade Hands           Trmt           ######....   3%          5    ####...
f - Repel Missiles        Chrm/Air       ##....       6%          2    None


Dungeon Overview and Level Annotations

Branches:
Dungeon (11/15)            Temple (1/1) D:7            Lair (0/8) D:11
    Orc (2/2) D:11
    Elf: Orc:2

Altars:
Ashenzari
Cheibriados
Dithmenos
Elyvilon
Fedhas
Gozag
Makhleb
Nemelex Xobeh
Okawaru
Pakellas
Qazlal
Sif Muna
Trog
Vehumet
Xom
Yredelemnul
Zin
The Shining One
Lugonu

Shops:
Orc:1 :**!%

Annotations:
D:7 4 runed doors


Innate Abilities, Weirdness & Mutations

You can breathe blasts of noxious fumes.
Your lurid green scales are hard (AC +7).
Your body does not fit into most forms of armour.
Your system is resistant to poisons.
You are cold-blooded and may be slowed by cold attacks.


Message History

The redback completely misses you. The ice beast misses you.
The tarantella bites you but does no damage.
The deep elf mage casts a spell.
The deep elf mage blinks!
The redback barely misses you. The red devil misses you.
The deep elf mage gestures wildly while chanting.
The deep elf mage blinks!
The red devil disappears in a puff of smoke!
The redback closely misses you. The jumping spider pounces on you!
* * * LOW HITPOINT WARNING * * *
You are caught in a web!
The jumping spider bites you but does no damage.
The ice beast hits you but does no damage.
The tarantella completely misses you.
The deep elf mage mumbles some strange words.
The redback bites you!
* * * LOW HITPOINT WARNING * * *
The deep elf mage casts a spell.
The deep elf mage blinks!
The jumping spider pounces on you!
You die...

###.....)#).......#
##.#..#.#......#
###..........##
##...........## ###
.#$.....eY.eY..###.##
.......)...r........#
...#.......Yere......##
............§sss......#
...........YY@.)).<..#
................[[.).##.##
.#.#.....§....[.).)[.....#
......§...............#..#
..........................#
.......e..e.............##
........E.............##
......................#
..................#


You could see an earth elemental, 6 deep elf magi, a jumping spider, a
tarantella, a redback, 5 ice beasts and 2 hell rats.

Vanquished Creatures
  Erica (Orc:1)
  A hill giant (D:10)
  An orc knight (Orc:2)
  2 deep elf magi (Orc:2)
  A cyclops (D:11)
  A gargoyle (D:11)
  2 trolls
  Grinder (D:6)
  Sigmund (D:6)
  12 yaks (D:11)
  2 hungry ghosts
  Edmund (D:4)
  A warg (Orc:1)
  Duvessa (D:6)
  A wasp (D:9)
  An ice beast (D:11)
  11 orc warriors
  2 phantoms
  A black bear (D:11)
  7 ogres
  3 centaurs
  2 big kobolds
  A gnoll sergeant (D:10)
  5 giant frogs
  4 scorpions
  14 killer bees
  Dowan (D:6)
  8 crimson imps
  2 giant frog zombies
  A centaur skeleton (D:7)
  4 hounds
  3 jellies
  7 orc priests
  2 iguanas
  An iron imp (D:5)
  A gnoll shaman (D:5)
  Ijyb (D:3)
  10 orc wizards
  7 worker ants
  A killer bee zombie (D:9)
  2 hound skeletons (D:10)
  3 worker ant zombies
  19 gnolls
  13 adders
  2 river rats (D:11)
  6 shadow imps
  An ooze (D:3)
  2 worms (D:2)
  An adder skeleton (D:7)
  An adder zombie (D:7)
  6 giant geckos
  39 orcs
  A ball python (D:4)
  16 bats
  8 giant cockroaches
  5 goblins
  13 hobgoblins
  17 jackals
  5 quokkas
  A giant gecko skeleton (D:5)
  5 giant newts
  A jackal skeleton (D:4)
  15 kobolds
  A quokka skeleton (D:4)
  2 quokka zombies
  17 rats
331 creatures vanquished.

Vanquished Creatures (collateral kills)
  2 killer bees (D:9)
2 creatures vanquished.

Vanquished Creatures (others)
  4 fungi (D:11)
  2 plants (D:11)
6 creatures vanquished.

Grand Total: 339 creatures vanquished

Notes
Turn   | Place    | Note
--------------------------------------------------------------
     0 | D:1      | sugabear the Draconian Transmuter began the quest for the Orb.
     0 | D:1      | Reached XP level 1. HP: 16/16 MP: 3/3
    86 | D:1      | Reached XP level 2. HP: 2/23 MP: 1/5
   829 | D:1      | Reached XP level 3. HP: 28/28 MP: 6/6
  1343 | D:2      | Learned a level 3 spell: Spider Form
  1610 | D:2      | Found a blossoming altar of Fedhas.
  1885 | D:2      | Reached XP level 4. HP: 33/36 MP: 5/7
  2520 | D:3      | Found a shadowy altar of Dithmenos.
  2958 | D:3      | Reached skill level 1 in Poison Magic
  3146 | D:3      | Reached XP level 5. HP: 34/41 MP: 7/9
  3267 | D:3      | Noticed Ijyb
  3277 | D:3      | Killed Ijyb
  3775 | D:3      | Found a white marble altar of Elyvilon.
  4325 | D:4      | Reached XP level 6. HP: 23/50 MP: 6/10
  4728 | D:4      | Noticed Edmund
  4769 | D:4      | Killed Edmund
  4769 | D:4      | Reached skill level 4 in Unarmed Combat
  5419 | D:4      | Reached XP level 7. HP: 43/56 MP: 10/12
  5419 | D:4      | Your scales start taking on a lurid green colour.
  5419 | D:4      | Gained mutation: Your system is resistant to poisons. [Green Draconian growth]
  5578 | D:4      | Found a shimmering altar of Xom.
  5579 | D:4      | Found a burning altar of Makhleb.
  5720 | D:5      | Entered Level 5 of the Dungeon
  6402 | D:5      | Found a snail-covered altar of Cheibriados.
  6871 | D:6      | Found a bloodstained altar of Trog.
  7064 | D:6      | Reached skill level 1 in Stealth
  7329 | D:6      | Noticed Sigmund
  7333 | D:6      | Noticed Duvessa
  7333 | D:6      | Noticed Dowan
  7345 | D:6      | Killed Dowan
  7345 | D:6      | Reached XP level 8. HP: 58/66 MP: 8/14
  7350 | D:6      | Killed Sigmund
  7365 | D:6      | Killed Duvessa
  7365 | D:6      | Reached skill level 5 in Unarmed Combat
  7531 | D:6      | Found an opulent altar of Gozag.
  7720 | D:6      | Reached skill level 5 in Transmutations
  8049 | D:6      | Found a deep blue altar of Sif Muna.
  8050 | D:6      | Noticed Grinder
  8058 | D:6      | Paralysed by Grinder for 2 turns
  8065 | D:6      | Killed Grinder
  8219 | D:5      | Became a worshipper of Cheibriados the Contemplative
  8388 | D:7      | Found a staircase to the Ecumenical Temple.
  8397 | D:7      | Reached skill level 5 in Dodging
  8407 | D:7      | Reached skill level 5 in Spellcasting
  8422 | Temple   | Entered the Ecumenical Temple
  8488 | D:7      | Reached XP level 9. HP: 70/72 MP: 14/16
  8561 | D:7      | Found a glowing golden altar of the Shining One.
  8735 | D:7      | Reached skill level 5 in Fighting
  8737 | D:7      | Found a huge runed gate.
  8737 | D:7      | Found a huge runed gate.
  8737 | D:7      | Found a huge runed gate.
  8737 | D:7      | Found a huge runed gate.
  8737 | D:7      | Noticed a griffon
  8737 | D:7      | Noticed a griffon
  8737 | D:7      | Noticed a polar bear
  8737 | D:7      | Noticed a griffon
  8737 | D:7      | Noticed a polar bear
  8737 | D:7      | Noticed a polar bear
  8737 | D:7      | Noticed a griffon
  8737 | D:7      | Noticed a griffon
  8738 | D:7      | Noticed a polar bear
  8749 | D:7      | You fall through a shaft for 2 floors!
  9233 | D:9      | Reached * piety under Cheibriados
  9396 | D:9      | Reached skill level 6 in Transmutations
  9838 | D:9      | Learned a level 2 spell: Blink
  9850 | D:9      | Learned a level 3 spell: Mephitic Cloud
  9856 | D:9      | Learned a level 5 spell: Blade Hands
 10166 | D:9      | Reached ** piety under Cheibriados
 11215 | D:10     | Entered Level 10 of the Dungeon
 11217 | D:10     | Noticed a hill giant
 11252 | D:10     | Reached *** piety under Cheibriados
 11271 | D:10     | Killed a hill giant
 11271 | D:10     | Reached skill level 7 in Transmutations
 11271 | D:10     | Reached XP level 10. HP: 35/83 MP: 13/19
 11728 | D:10     | Reached **** piety under Cheibriados
 12611 | D:11     | Noticed a cyclops
 12623 | D:11     | Killed a cyclops
 12880 | D:11     | Found a staircase to the Orcish Mines.
 13008 | D:11     | Reached ***** piety under Cheibriados
 13524 | D:11     | Noticed a gargoyle
 13531 | D:11     | Killed a gargoyle
 13575 | D:11     | Found a staircase to the Lair.
 13747 | D:11     | Reached XP level 11. HP: 91/91 MP: 17/21
 13934 | D:11     | Reached skill level 8 in Unarmed Combat
 13990 | Orc:1    | Entered Level 1 of the Orcish Mines
 13990 | Orc:1    | Found a bloodstained altar of Trog.
 14312 | Orc:1    | Found Liguzeh's Food Emporium.
 14344 | Orc:1    | Found Oxyoral's Distillery.
 14350 | Orc:1    | Bought a potion of heal wounds for 80 gold pieces
 14350 | Orc:1    | Bought a potion of degeneration for 16 gold pieces
 14404 | Orc:1    | Found Cogiosucs's General Store.
 14412 | Orc:1    | Bought a scroll of amnesia for 52 gold pieces
 14472 | Orc:1    | Noticed Erica
 14479 | Orc:1    | Killed Erica
 14512 | Orc:1    | Found Holugoo's Assorted Antiques.
 14515 | Orc:1    | Bought a forked brass wand for 100 gold pieces
 14515 | Orc:1    | Bought a short gold wand for 100 gold pieces
 14515 | Orc:1    | Bought a scroll of identify for 50 gold pieces
 14515 | Orc:1    | Bought a scroll of teleportation for 75 gold pieces
 14555 | Orc:1    | Found Zeopto's Book Shoppe.
 14757 | Orc:2    | Entered Level 2 of the Orcish Mines
 14772 | Orc:2    | Noticed an orc knight
 15167 | Orc:1    | Learned a level 2 spell: Repel Missiles
 15182 | Orc:2    | Killed an orc knight
 15321 | Orc:2    | Noticed a deep elf mage
 15324 | Orc:2    | Noticed a deep elf mage
 15326 | Orc:2    | Noticed a deep elf mage
 15326 | Orc:2    | Noticed a deep elf mage
 15328 | Orc:2    | Noticed a deep elf mage
 15335 | Orc:2    | Killed a deep elf mage
 15336 | Orc:2    | Noticed a deep elf mage
 15336 | Orc:2    | Killed a deep elf mage
 15338 | Orc:2    | Noticed a deep elf mage
 15338 | Orc:2    | Noticed a deep elf mage
 15348 | Orc:2    | Slain by a jumping spider

Vault maps used:
D:1:      eino_arrival_water_cross, serial_glass, glass_columns_a,
          glass_columns_b
D:2:      nicolae_overflow_crystal_walls
D:3:      lemuel_crystal_altar, marbit_many_paths, uniq_iyjb
D:4:      grunt_temple_overflow_champion_of_chaos, first_bread, uniq_edmund
D:5:      slow_altar_2, portal_sewer_entry_b
D:6:      nicolae_gozag_seed_capital, bloody_trog, basic_altar,
          minmay_misc_feat_ornament, uniq_sigmund, uniq_grinder, uniq_duvessa
D:7:      lemuel_bear_cage, nicolae_tso_swordbearing_angel,
          minmay_temple_entry_large_hall
D:11:     grunt_lair_entry_orc_guard_hut, orc_0_dummy
Temple:   corrupted_temple
Orc:1:    serial_shops, shop, nicolae_shop_behind_doors, shop, shop, shop,
          basic_altar, uniq_erica, uniq_snorg
Orc:2:    pf_orc_diabolical, elves_outpost_lemuel

Action                   |  1- 3 |  4- 6 |  7- 9 | 10-12 || total
-------------------------+-------+-------+-------+-------++-------
Melee: Unarmed           |   138 |   224 |   347 |   251 ||   960
 Cast: Beastly Appendage |    21 |    26 |    39 |     4 ||    90
       Spider Form       |       |     9 |     6 |       ||    15
       Blade Hands       |       |       |     4 |    16 ||    20
       Mephitic Cloud    |       |       |     2 |     6 ||     8
       Repel Missiles    |       |       |       |     1 ||     1
 Abil: Breathe Noxious F |       |       |    20 |    12 ||    32
       End Transformatio |       |       |     1 |     1 ||     2
Evoke: Wand              |       |       |       |     1 ||     1
  Use: Scroll            |       |     7 |     1 |       ||     8
       Potion            |       |       |     2 |       ||     2
 Stab: Confused          |       |       |     9 |    14 ||    23
       Distracted        |       |       |     1 |       ||     1
       Sleeping          |       |       |       |     3 ||     3
  Eat: Chunk             |     4 |    12 |    14 |     8 ||    38
       Fruit             |       |       |     3 |       ||     3
       Meat ration       |       |       |     1 |     1 ||     2
